[Event "German Bundesliga 2022-23"]
[Site "Germany"]
[Date "2022.10.22"]
[Round "1"]
[White "Feygin, Michael"]
[Black "Babula, Vlastimil"]
[Result "1/2-1/2"]
[ECO "B22"]
[WhiteElo "2454"]
[BlackElo "2574"]
[Annotator "TA"]
[PlyCount "65"]
[EventDate "2022.10.21"]
[EventType "team-tourn"]
[EventCountry "GER"]
[SourceTitle "playchess.com"]
[Source "ChessBase"]
[SourceQuality "1"]
[TimeControl "40/6000+30:3000+30"]

1. e4 c5 2. c3 Nf6 3. e5 Nd5 4. Nf3 Nc6 5. Bc4 Nb6 6. Bb3 d5 7. exd6 Qxd6 8. O-O {[%emt 0:00:06] B22: Sicilian: 2 c3.} Be6 9. Bxe6 Qxe6 10. a4 {[%emt 0:00:05] The position is equal.} Qd7 11. a5 {[%emt 0:00:32] [#]} Nc4 $146 ({Predecessor:} 11... Nd5 12. a6 b6 13. d4 cxd4 14. Nxd4 e6 15. Nxc6 Qxc6 16. Qg4 h5 17. Qe2 b5 {1-0 (53) Carlsen,M (2862)-Nepomniachtchi,I (2784) chess24.com INT 2020}) 12. a6 e6 13. axb7 Qxb7 14. d4 Nb6 15. Be3 Be7 16. dxc5 Nd5 17. b4 (17. Bd4 $14) 17... a5 $1 $11 18. Qa4 {[%emt 0:03:35] [#] Threatens to win with b5.} Nc7 {[%emt 0:11:47][%cal Ra5b4] Inhibits b5.} 19. b5 ({Of course not} 19. bxa5 Rxa5 20. Qxa5 Nxa5 21. Rxa5 O-O $17) 19... Qxb5 20. Nd4 Qxa4 21. Rxa4 Ra6 22. Nxc6 Rxc6 23. Rxa5 Ra6 24. Rxa6 Nxa6 25. Nd2 {[%emt 0:00:04] And now c6 would win.} Nxc5 26. Ra1 O-O 27. Ra7 Bd6 28. Kf1 Rc8 29. Ke2 Kf8 30. h3 Ke8 31. Nc4 Be7 32. Nb6 Rc6 33. Ra8+ {[%emt 0:01:01] Weighted Error Value: White=0.05 (flawless) /Black=0.06 (flawless)} 1/2-1/2

[Event "German Bundesliga 2022-23"]
[Site "Germany"]
[Date "2022.10.22"]
[Round "1"]
[White "Wachinger, Nikolas"]
[Black "Saltaev, Mihail"]
[Result "1/2-1/2"]
[ECO "B11"]
[WhiteElo "2432"]
[BlackElo "2469"]
[Annotator "RC"]
[PlyCount "106"]
[EventDate "2022.10.21"]
[EventType "team-tourn"]
[EventCountry "GER"]
[SourceTitle "playchess.com"]
[Source "ChessBase"]
[SourceQuality "1"]
[TimeControl "40/6000+30:3000+30"]

1. e4 c6 2. Nf3 d5 3. Nc3 Bg4 4. h3 Bxf3 5. Qxf3 e6 6. d4 Nf6 7. Be2 dxe4 8. Qe3 Bb4 9. O-O Bxc3 10. bxc3 O-O 11. Qg3 Nbd7 12. Bh6 Ne8 13. a4 Ndf6 14. Rfb1 Qd7 15. c4 Kh8 16. Bf4 b6 17. a5 bxa5 18. Qa3 Kg8 19. c3 h6 20. Qc5 Qc8 21. Qe5 Qd8 22. Rb7 g5 23. Bh2 Ng7 24. g4 Nfe8 25. Qxe4 Nd6 26. Bxd6 Qxd6 27. c5 Qd5 28. Bd3 f5 29. Qxd5 exd5 30. gxf5 Nxf5 31. Rc7 Nh4 32. Rxc6 Rf3 33. Be2 Rxc3 34. Rxh6 Nf5 35. Rg6+ Kh7 36. Rxg5 Nxd4 37. Bg4 Rxc5 38. Rd1 Nb3 39. Be6 d4 40. Rxc5 Nxc5 41. Bf5+ Kg7 42. Rxd4 Re8 43. Kf1 Kf6 44. Bc2 Ke5 45. Rd1 Rb8 46. Ra1 Rb2 47. Bd1 a4 48. Bxa4 Nd3 49. Bc6 Rxf2+ 50. Kg1 Rc2 51. Bg2 Rc1+ 52. Rxc1 Nxc1 53. Bc6 Kf4 1/2-1/2

[Event "German Bundesliga 2022-23"]
[Site "Germany"]
[Date "2022.10.22"]
[Round "1"]
[White "Zaja, Ivan"]
[Black "Naumann, Alexander"]
[Result "1/2-1/2"]
[ECO "D85"]
[WhiteElo "2417"]
[BlackElo "2513"]
[Annotator "TA"]
[PlyCount "47"]
[EventDate "2022.10.21"]
[EventType "team-tourn"]
[EventCountry "GER"]
[SourceTitle "playchess.com"]
[Source "ChessBase"]
[SourceQuality "1"]
[TimeControl "40/6000+30:3000+30"]

1. d4 Nf6 2. c4 g6 3. Nc3 d5 4. cxd5 Nxd5 5. Bd2 Bg7 6. e4 Nxc3 7. Bxc3 O-O 8. Qd2 e6 {[%emt 0:03:15] D85: Exchange Grünfeld: Unusual White 7th moves and lines with 7 Nf3.} 9. Nf3 b6 10. Bc4 Bb7 {[%emt 0:00:29] [#] The position is equal.} 11. Qf4 $146 ({Predecessor:} 11. Qe3 Nd7 12. O-O Nf6 13. Bd3 Qe7 14. Rfd1 Rfd8 15. h3 Rac8 16. b4 h5 17. Ne5 {1-0 (37) Brunner,N (2257)-Marchal,M (1990) Illkirch Graffenstaden 2004}) 11... Nd7 12. O-O Nf6 13. Rfe1 Nh5 14. Qd2 Nf6 15. Qf4 Nh5 16. Qd2 Nf6 17. Qc2 Qe7 18. b4 Rfd8 19. a4 a6 20. Rab1 Rac8 21. a5 Nd7 (21... Ne8 $11) 22. Qe2 $2 {[%emt 0:10:56] White is more active.} (22. Rbd1 $16 {stays on course.}) 22... b5 $17 23. Ba2 {[%emt 0:06:38] [#]} e5 (23... c5 $1 $17 {[%cal Rc5d4] White must now prevent ...cxd4.} 24. Qb2 (24. bxc5 Nxc5 25. Bb4 Bxd4 $17) 24... cxd4 25. Bxd4 Bxd4 26. Nxd4 Nf6) 24. d5 {[%emt 0:02:11] Weighted Error Value: White=0.29 (precise) /Black=0.16 (very precise)} 1/2-1/2

[Event "German Bundesliga 2022-23"]
[Site "Germany"]
[Date "2022.10.22"]
[Round "1.1"]
[White "Kryvoruchko, Yuriy"]
[Black "Eljanov, Pavel"]
[Result "0-1"]
[ECO "B12"]
[WhiteElo "2658"]
[BlackElo "2697"]
[Annotator "TA"]
[PlyCount "72"]
[EventDate "2022.10.21"]
[EventType "team-tourn"]
[EventCountry "GER"]
[SourceTitle "playchess.com"]
[Source "ChessBase"]
[SourceQuality "1"]
[TimeControl "40/6000+30:3000+30"]

1. e4 c6 2. d4 d5 3. e5 Bf5 4. Nf3 e6 5. Be2 Nd7 6. O-O a5 {[%emt 0:00:19] B12: Caro-Kann: Advance Variation.} 7. a4 f6 {[%emt 0:00:16] [#]} 8. Be3 $146 ({Predecessor:} 8. c4 Ne7 9. exf6 Nxf6 10. Nc3 Ng6 11. Bd3 Bb4 12. Bxf5 exf5 13. cxd5 Bxc3 14. bxc3 Qxd5 {1-0 (46) Saric,I (2650)-Vogel,R (2459) Germany 2021}) 8... fxe5 {[%emt 0:09:50] White has an edge.} 9. dxe5 Bc5 10. Bxc5 Nxc5 11. Nd4 Ne7 12. Bh5+ g6 13. Be2 Qb6 14. g4 Be4 $1 15. Nc3 h5 (15... Qxb2 16. Qd2 Qb6 17. Qe3 $16) 16. f3 $1 (16. Nxe4 dxe4 17. Qd2 O-O-O $17) 16... O-O-O 17. fxe4 dxe4 18. Qd2 $1 ({But not} 18. gxh5 $2 Nf5 19. Kh1 (19. hxg6 $2 Nxd4 20. Kh1 Qxb2 $19) 19... Rxd4 $19) 18... hxg4 $1 19. Bxg4 Nf5 $36 {[%emt 0:02:58][%mdl 2048] Against Qe3. Black fights for an advantage.} 20. Bxf5 gxf5 21. Nce2 (21. Rad1 $11 {remains equal.}) 21... Nd7 $1 $17 22. Ra3 $2 {[%emt 0:14:28] Now White is beyond hope.} (22. Qe3 $17 {was called for.}) 22... Nxe5 $19 23. Rb3 Qc5 24. Qc3 {[%emt 0:04:10] [#]} Nc4 $1 {[%emt 0:07:57] Strongly threatening ...e3.} 25. Kh1 e3 {[%emt 0:02:20] aiming for ...Qd5+.} 26. Nf3 {[%emt 0:00:12] Threatens to win with Qg7.} e5 {[%emt 0:04:43] White must now prevent ...f4.} 27. Nxe5 $2 (27. Neg1) 27... Qd5+ 28. Nf3 Nd2 29. Qg7 c5 ({Weaker is} 29... Nxb3 30. cxb3 Qe4 31. Qg3 $17) 30. Rd3 Nxf3 31. Qg2 Rxh2+ {[%emt 0:01:40] Black mates.} ({Stronger than} 31... Nd4 32. Rxe3 Qxg2+ 33. Kxg2 $17) 32. Qxh2 {[%emt 0:00:03] [#]} Nd4+ $1 {[%emt 0:00:08][%mdl 64] Discovered Attack} 33. Kg1 Nxe2+ 34. Qxe2 Rg8+ 35. Kh2 Qe5+ 36. Kh1 Qe4+ {[%emt 0:00:22] Weighted Error Value: White=0.82/Black=0.05 (flawless)} 0-1

[Event "German Bundesliga 2022-23"]
[Site "Germany"]
[Date "2022.10.22"]
[Round "1.1"]
[White "Schroeder, Jan-Christian"]
[Black "Maghsoodloo, Parham"]
[Result "1-0"]
[ECO "B90"]
[WhiteElo "2544"]
[BlackElo "2721"]
[Annotator "TA"]
[PlyCount "99"]
[EventDate "2022.10.21"]
[EventType "team-tourn"]
[EventCountry "GER"]
[SourceTitle "playchess.com"]
[Source "ChessBase"]
[SourceQuality "1"]
[TimeControl "40/6000+30:3000+30"]

1. e4 c5 2. Nf3 d6 3. d4 cxd4 4. Nxd4 Nf6 5. Nc3 a6 6. Bc4 Bd7 {[%emt 0:04:02] B90: Sicilian Najdorf: Unusual White 6th moves, 6 Be3 Ng4 and 6 Be3 e5.} 7. f3 Nc6 8. g4 h6 {[%emt 0:01:50] The position is equal.} 9. Be3 Na5 10. Be2 e6 11. Qd2 Qc7 12. h4 Nc4 13. Bxc4 Qxc4 14. O-O-O b5 15. Kb1 g6 {[%emt 0:07:06] [#]} ({Black should try} 15... b4 $14 16. Nce2 Rc8) 16. g5 $146 (16. a3 $16) ({Predecessor:} 16. Nb3 b4 17. Ne2 a5 18. Ng3 a4 19. Nc1 Bc6 20. b3 Qb5 21. Nd3 Rb8 22. g5 Nd7 23. gxh6 Be7 24. Bg5 f6 25. Be3 Kf7 26. Qg2 Rbg8 27. Qd2 Rb8 {½-½ (27) Pavlov,M-Partos,C Sinaia 1975}) 16... hxg5 $11 17. Bxg5 Nh5 18. Rhe1 f6 $1 {[%emt 0:02:17] White must now prevent ...b4.} 19. Be3 b4 $1 20. Nce2 (20. Na4 $5 Bxa4 21. b3 $11) 20... e5 21. Nb3 Be6 22. Nec1 a5 23. Nd3 Be7 24. Qg2 Bf7 25. f4 Rc8 26. Nbc1 O-O (26... Ng7 $15) 27. Rg1 {[%emt 0:03:13] Strongly threatening f5.} Kh7 28. Rdf1 (28. b3 $11 Qc7 29. Rd2) 28... Rg8 $15 29. Rf2 Be8 (29... Rg7 $15) 30. b3 $11 Qc6 31. Rd2 Rg7 32. Ne2 Qb7 33. Nf2 (33. Qf3 $11 {keeps the balance.}) 33... Bc6 (33... a4 $17) 34. Qf3 $14 Be8 35. Ng3 exf4 {[%emt 0:01:24] Black is on the road to losing.} (35... Nxg3 $14 36. Rxg3 Kh8) 36. Bxf4 $16 Rc3 (36... Nxg3 $16 37. Qxg3 Rc3) 37. Be3 $18 {[%emt 0:01:08] aiming for Nxh5. The board is on fire.} Nxg3 38. Rxg3 Qc8 {[%emt 0:02:12] [#]} (38... a4 $16 {was worth a try.} 39. Nd1 (39. Qf4 Qc7 $16) 39... Rc8) 39. Nd3 $1 (39. Qf4 Qe6 $16) 39... Bc6 (39... Bf7 {was necessary.} 40. Bd4 (40. Qf4 d5 $16) 40... a4) 40. Qf4 {[%emt 0:01:40] Qh6+ is the strong threat.} g5 $2 (40... Qb7 41. Qh6+ Kg8 42. Rxg6 Bf8) 41. hxg5 {[%emt 0:50:56] White is clearly winning.} fxg5 42. Bd4 {[%emt 0:00:00] Intending Rh2+ and mate.} Qe6 43. Qf5+ Qxf5 44. exf5 Bf8 45. Bxg7 Kxg7 46. Rxg5+ Kf6 47. Rg4 {[%emt 0:00:00] Threatens to win with Rg6+.} Bf3 (47... Bb5 $142 48. Rd4 Bc6) 48. Rg6+ Kxf5 49. Rg3 Ke4 {[%emt 0:00:00] [#]} 50. Rxf3 $1 {[%emt 0:00:00][%mdl 512] Weighted Error Value: White=0.24 (precise) /Black=0.32} 1-0

[Event "German Bundesliga 2022-23"]
[Site "Germany"]
[Date "2022.10.23"]
[Round "1.1"]
[White "Plenca, Julijan"]
[Black "Grandelius, Nils"]
[Result "0-1"]
[ECO "B94"]
[WhiteElo "2447"]
[BlackElo "2651"]
[Annotator "ChessBase"]
[PlyCount "96"]
[EventDate "2022.10.21"]
[EventType "team-tourn"]
[EventCountry "GER"]
[SourceTitle "playchess.com"]
[Source "ChessBase"]
[SourceQuality "1"]
[TimeControl "40/6000+30:3000+30"]

1. e4 c5 2. Nf3 d6 3. d4 cxd4 4. Nxd4 Nf6 5. Nc3 a6 6. Bg5 Nbd7 7. Bc4 Qb6 8. Bb3 e6 9. Qd2 Be7 10. O-O-O Nc5 11. Rhe1 Qc7 12. Kb1 h6 13. Bh4 O-O 14. Nf3 b5 15. a3 Bb7 16. Bxf6 Bxf6 17. Nd4 d5 18. exd5 Rad8 19. Ba2 exd5 20. g3 Ne4 21. Nxe4 dxe4 22. c3 Rd6 23. Bb3 Qd7 24. Qf4 Bg5 25. Qe5 Re8 26. Qc5 Rc8 27. Qf5 Rd8 28. Qxd7 R8xd7 29. Bc2 Re7 30. Nf5 Rxd1+ 31. Rxd1 Re5 32. Nd6 Bd5 33. a4 bxa4 34. Rd4 e3 35. fxe3 Bxe3 36. Rb4 g6 37. Rb8+ Kh7 38. c4 Be6 39. Ne4 Kg7 40. Nd6 h5 41. h4 Bc5 42. Ne8+ Kh6 43. Bd3 Re3 44. Kc2 Rxg3 45. Nc7 Rg2+ 46. Kb1 Bd6 47. Rb7 Bxc7 48. Rxc7 Rd2 0-1

[Event "German Bundesliga 2022-23"]
[Site "Germany"]
[Date "2022.10.22"]
[Round "1.2"]
[White "Santos Latasa, Jaime"]
[Black "Kraemer, Martin"]
[Result "1/2-1/2"]
[ECO "A09"]
[WhiteElo "2677"]
[BlackElo "2579"]
[Annotator "TA"]
[PlyCount "65"]
[EventDate "2022.10.21"]
[EventType "team-tourn"]
[EventCountry "GER"]
[SourceTitle "playchess.com"]
[Source "ChessBase"]
[SourceQuality "1"]
[TimeControl "40/6000+30:3000+30"]

1. Nf3 d5 2. g3 c5 3. Bg2 Nf6 4. O-O e6 5. c4 d4 6. d3 Nc6 7. e3 {[%emt 0:00:05] A09: Réti Opening: 1 Nf3 d5 2 c4.} Bd6 8. exd4 cxd4 9. Bg5 h6 10. Bxf6 Qxf6 11. Nbd2 Qe7 12. Re1 O-O {[%emt 0:00:59] The position is equal.} 13. Nb3 Qf6 14. a3 a5 15. Nfd2 Bc7 16. Nc5 $1 {[%emt 0:00:23][%mdl 4] is now more promising than 16.Rc1.} Qe7 17. Na4 Bd7 18. Nb3 Ne5 19. Nbc5 Bc6 20. Bxc6 bxc6 {[%emt 0:02:29] [#]} 21. Qh5 $146 ({Predecessor:} 21. b4 axb4 22. axb4 Rfb8 23. f4 Ng6 24. Qf3 Qe8 25. Rab1 Ne7 26. Qe4 Nf5 27. Rb2 {0-1 (66) Rhodes,J (2202)-Sogin,D (2361) ICCF email 2014}) 21... Nd7 22. Nxd7 Qxd7 23. b4 Rfb8 24. Reb1 axb4 25. axb4 Bd6 26. Kg2 {[%emt 0:10:52][%cal Oa4b6] [#] aiming for Nb6!} Ra7 (26... Rxb4 $2 27. Rxb4 c5 28. Qf3 $18) (26... Bxb4 $2 {[#]} 27. Nb6 $1 Rxb6 28. Rxa8+ Kh7 29. Rba1 $18) 27. Qg4 Rxb4 28. Rxb4 Bxb4 29. Nb6 Qb7 30. Rxa7 Qxa7 31. Qxd4 Qe7 {[%emt 0:00:50] Against Qd8+} 32. Na4 c5 33. Qe4 {[%emt 0:00:17] A balanced but interesting game.  Weighted Error Value: White=0.04 (flawless) /Black=0.03 (flawless)} 1/2-1/2

[Event "German Bundesliga 2022-23"]
[Site "Germany"]
[Date "2022.10.22"]
[Round "1.2"]
[White "Jones, Gawain C B"]
[Black "Korobov, Anton"]
[Result "1-0"]
[ECO "C02"]
[WhiteElo "2626"]
[BlackElo "2672"]
[Annotator "TA"]
[PlyCount "79"]
[EventDate "2022.10.21"]
[EventType "team-tourn"]
[EventCountry "GER"]
[SourceTitle "playchess.com"]
[Source "ChessBase"]
[SourceQuality "1"]
[TimeControl "40/6000+30:3000+30"]

1. e4 e6 2. d4 d5 3. e5 c5 4. c3 Nc6 5. Nf3 Qb6 6. a3 c4 7. Nbd2 Na5 8. Rb1 $1 {[%emt 0:00:33][%mdl 4] is currently scoring better than 8.Be2.} Bd7 9. h4 {[%emt 0:00:25] C02: French: Advance Variation.} h6 10. b4 cxb3 $1 11. Nxb3 {[%emt 0:00:08] [#] The position is equal.} Ba4 $146 ({Predecessor:} 11... Nxb3 12. Qxb3 Qxb3 13. Rxb3 b6 14. Bb5 Ne7 15. a4 Nc6 16. h5 Na5 17. Rb1 Rc8 {1-0 (58) Giri,A (2777)-Vitiugov,N (2727) Yasnaya Polyana 2021}) 12. Nfd2 Qc7 (12... Rc8 $11) 13. Rh3 (13. Qf3 $5 ) 13... Ne7 14. Qf3 Nec6 15. Nxa5 Nxa5 16. Bd3 {[%emt 0:00:21] Prevents Bc2.} Rc8 17. Qf4 a6 18. Rf3 b5 19. h5 Qd7 20. Be2 Bc2 21. Ra1 g5 (21... Rc6 $11 {keeps the balance.}) 22. hxg6 $1 $16 Bxg6 23. a4 $1 {[%emt 0:02:57] aiming for axb5.} b4 24. cxb4 Bxb4 (24... Nc4 $16) 25. Bxa6 $18 O-O $2 (25... Rc2 26. Bb5 Nc6) 26. Bxc8 Rxc8 27. Qxh6 {[%emt 0:00:40] Intending Rh3 and mate.} Rc3 (27... Bf8 {might work better.} 28. Qf4 Rb8) 28. Kf1 $2 (28. Ba3 $18 Qxa4 29. Bxb4 $1 Qxa1+ 30. Ke2 Rxf3 31. Qf8+ (31. gxf3 $2 Qxd4 32. Qf8+ Kh7 $19) (31. Kxf3 Nc6 $11) (31. Nxf3 Qa2+ 32. Nd2 Nb3 $14) 31... Kh7 32. Nxf3) 28... Rxf3 $4 {[%emt 0:05:47][%mdl 8192] A mistake that costs the game.} (28... Qc6 $16 {is tougher.} 29. Bb2 (29. Ba3 Bxa3 30. Kg1 Rxf3 $15) 29... Rxf3 30. Nxf3 (30. gxf3 Bxd2 31. Qxd2 Nb3 $14) 30... Nb3) 29. Nxf3 ({Less strong is} 29. gxf3 Qa7 $18) 29... Nb3 30. Ra2 {[%emt 0:01:31] Bg5 is the strong threat.} Qc6 31. Bg5 Bf8 32. Qh4 Qc4+ {[%emt 0:02:44] [#]} 33. Kg1 $1 Nxd4 34. Bf6 ({Not} 34. Qxd4 Qxa2 35. Bd2 Be4 $16) 34... Bg7 {[%emt 0:01:31] [#] Inhibits Qh8+.} (34... Nxf3+ $142 35. gxf3 Qxh4 36. Bxh4 Bd3) 35. Nxd4 $1 {[%emt 0:01:03][%cal Bf3d4,Bd4c6,Bc6e7][%mdl 32] Hoping for Ra1.} Qxa2 36. Nc6 {[%emt 0:00:22] And now Ne7+ would win.} ({Weaker is} 36. Bxg7 Kxg7 37. Kh2 Qc4 $16) 36... Kf8 37. Qb4+ Kg8 38. Ne7+ Kh7 39. Qh4+ Bh6 40. Bg5 {[%emt 0:00:58] Weighted Error Value: White=0.32/Black=0.89} 1-0

[Event "German Bundesliga 2022-23"]
[Site "Germany"]
[Date "2022.10.23"]
[Round "1.2"]
[White "Svane, Rasmus"]
[Black "Krassowizkij, Jaroslaw"]
[Result "1-0"]
[ECO "E05"]
[WhiteElo "2615"]
[BlackElo "2439"]
[Annotator "ChessBase"]
[PlyCount "113"]
[EventDate "2022.10.21"]
[EventType "team-tourn"]
[EventCountry "GER"]
[SourceTitle "playchess.com"]
[Source "ChessBase"]
[SourceQuality "1"]
[TimeControl "40/6000+30:3000+30"]

1. d4 d5 2. c4 e6 3. Nf3 Nf6 4. g3 Be7 5. Bg2 O-O 6. O-O dxc4 7. Qa4 a6 8. Qxc4 b5 9. Qc2 Bb7 10. Bd2 Be4 11. Qc1 c6 12. a4 b4 13. Bg5 Bxf3 14. Bxf3 Qxd4 15. Nd2 Nd5 16. Bxe7 Nxe7 17. Nb3 Qa7 18. Rd1 a5 19. Qd2 Nd5 20. Rac1 Nd7 21. Rxc6 N7b6 22. Qc2 Rac8 23. Bxd5 exd5 24. Rxc8 Rxc8 25. Rxd5 Qa8 26. Rc5 Rxc5 27. Qxc5 Nxa4 28. Qb5 Nxb2 29. Nxa5 h6 30. Qxb4 Qd5 31. Qb8+ Kh7 32. Qxb2 Qxa5 33. Qc2+ g6 34. Qb2 h5 35. Kg2 Kg8 36. Qd4 Qa8+ 37. f3 Qa2 38. Qe5 Qc2 39. Kf2 Qc1 40. Qe8+ Kg7 41. Qe5+ Kg8 42. Kg2 Qc2 43. Kh3 Qc8+ 44. Kh4 Qd8+ 45. Qg5 Qd4+ 46. e4 Qf2 47. Qf6 Qxh2+ 48. Kg5 Qd2+ 49. f4 Qb4 50. e5 Qc5 51. Qd6 Qc8 52. e6 Kh7 53. f5 Qc2 54. Qd5 Kg7 55. Qe5+ Kf8 56. Qh8+ Ke7 57. Qf6+ 1-0

[Event "German Bundesliga 2022-23"]
[Site "Germany"]
[Date "2022.10.22"]
[Round "1.3"]
[White "Amin, Bassem"]
[Black "Saric, Ivan"]
[Result "1/2-1/2"]
[ECO "A04"]
[WhiteElo "2667"]
[BlackElo "2668"]
[Annotator "TA"]
[PlyCount "144"]
[EventDate "2022.10.21"]
[EventType "team-tourn"]
[EventCountry "GER"]
[SourceTitle "playchess.com"]
[Source "ChessBase"]
[SourceQuality "1"]
[TimeControl "40/6000+30:3000+30"]

1. Nf3 Nf6 2. g3 c5 3. Bg2 Nc6 4. O-O e5 5. e4 Be7 6. Re1 d6 7. c3 {[%emt 0:00:23] A04: Unusual lines after 1 Nf3 and King's Indian Attack.} O-O 8. h3 Be6 9. Na3 {[%emt 0:05:18] The position is equal.} h6 10. d3 Re8 {[%emt 0:10:15] [#]} 11. Nc2 $146 ({Predecessor:} 11. Kh2 Bf8 12. Nc2 g6 13. d4 exd4 14. cxd4 d5 15. exd5 Bxd5 16. dxc5 Be4 17. Ne3 Bxc5 {1-0 (44) Van Wely,L (2647)-Bok,B (2562) Amsterdam 2015}) 11... Bf8 12. b4 cxb4 13. cxb4 a5 14. bxa5 Rxa5 15. d4 $1 exd4 ({Don't do} 15... Rxa2 16. d5 Rxa1 17. Nxa1 $16) 16. Nfxd4 Bd7 17. Bb2 Ra4 18. a3 Nxd4 19. Bxd4 d5 20. exd5 Rxe1+ 21. Qxe1 Bf5 22. Nb4 Qa5 23. Qe5 Rxa3 24. Rxa3 Qxa3 25. Qxf5 Qxb4 26. Bxf6 {[%emt 0:06:03] A strong pair of Bishops.} Qe1+ 27. Bf1 gxf6 28. Qxf6 $16 {[%emt 0:00:49][%mdl 4096] Endgame KQB-KQB} Qe4 29. d6 Qg6 30. Qf3 {[%emt 0:06:06] [#] aiming for d7.} Bxd6 31. Qxb7 Kg7 32. Kg2 Qf6 33. Qd5 Bc7 34. h4 Bb6 35. Qd2 Qd4 36. Qe2 (36. Bd3 {feels hotter.} Qd5+ 37. f3 Qd4 38. Qe2) 36... Qd5+ 37. Kg1 Qd4 38. Bh3 Bc7 39. Kg2 Qd5+ 40. Kh2 Qd4 41. f4 Qf6 42. Bg2 Qe6 43. Qb2+ Qf6 44. Qe2 Qe6 $1 45. Qd1 Bd6 46. Bd5 Qf6 47. Qg4+ Qg6 48. Qd7 {[%emt 0:00:00][%cal Od5f7] And now Bxf7! would win.} Bf8 49. Bb3 Qf6 {[%emt 0:00:27] [#] Strongly threatening ...Qb2+.} 50. Bc2 Bd6 51. Qg4+ Kf8 52. Bh7 Qe6 53. Qd1 Qf6 54. Qf3 Qb2+ 55. Kh3 Kg7 56. Bf5 Qf6 57. Qd5 Bc7 58. Kg4 Bb6 59. Kh5 Bf2 60. Qd3 Be1 61. Be4 Bb4 62. Qe2 Kg8 63. Bb1 ({Much less strong is} 63. Qg4+ Kh8 64. Qe2 (64. Qc8+ Kg7 $16) 64... Kg7 65. Qg4+ Kh8 66. Qc8+ Kg7 $16) 63... Bf8 64. Qe4 Bg7 65. Ba2 Bf8 66. Bc4 {[%emt 0:00:00] Active counter play!} Kg7 67. Bd3 Bc5 68. Bc2 Qg6+ (68... Bf2 $14) 69. Qxg6+ {[%emt 0:00:00] White is better.} fxg6+ 70. Bxg6 Bf2 71. g4 Be3 72. f5 Kf6 {[%emt 0:00:04] Prevents g5+.  Weighted Error Value: White=0.07 (flawless) /Black=0.07 (flawless)} 1/2-1/2

[Event "German Bundesliga 2022-23"]
[Site "Germany"]
[Date "2022.10.22"]
[Round "1.3"]
[White "Baldauf, Marco"]
[Black "Tabatabaei, M. Amin"]
[Result "0-1"]
[ECO "D14"]
[WhiteElo "2506"]
[BlackElo "2657"]
[Annotator "TA"]
[PlyCount "86"]
[EventDate "2022.10.21"]
[EventType "team-tourn"]
[EventCountry "GER"]
[SourceTitle "playchess.com"]
[Source "ChessBase"]
[SourceQuality "1"]
[TimeControl "40/6000+30:3000+30"]

1. d4 d5 2. c4 c6 3. cxd5 cxd5 4. Nc3 Nc6 5. Nf3 Nf6 6. Bf4 Bf5 7. e3 e6 8. Qb3 Bb4 9. Bb5 O-O 10. Bxc6 {[%emt 0:01:12] is now debated instead of 10.0-0.} Bxc3+ 11. Qxc3 Rc8 {[%emt 0:13:52][%mdl 64] [#] Pin. D14: Slav Defence: Exchange variation with ...Bf5.} 12. Ne5 bxc6 13. Rc1 c5 {[%emt 0:04:25] The position is equal.} 14. dxc5 Ne4 {[%emt 0:00:09][%csl LRc3,LRc5] Against Bg5} 15. Qa3 f6 16. Nf3 (16. Qxa7 $2 fxe5 17. Bg3 Nxg3 18. hxg3 Ra8 $19) 16... e5 $36 {[%emt 0:02:30][%mdl 2048] Against Nd4. White is under pressure.} 17. Bg3 Qe7 18. b4 (18. O-O $11) 18... a5 $1 $15 {[%emt 0:03:35] [#] Black is more active.} 19. bxa5 $146 ({Predecessor:} 19. Qxa5 Ra8 20. Qb5 Rfb8 21. Qe2 Rxb4 22. c6 Nc3 23. Qd2 Rxa2 24. Qxc3 Rc4 25. O-O Rxc3 26. Rxc3 {0-1 (49) Andersson,T (2336)-Blomqvist,E (2496) Borlange 2014}) 19... Rxc5 ({Much worse is} 19... Nxc5 20. O-O $11) 20. Rxc5 Qxc5 ({But not} 20... Nxc5 21. O-O $11) 21. Qxc5 Nxc5 22. Nd2 Nd3+ {[%emt 0:09:43][%mdl 1024] Black has strong compensation.} (22... Ra8 $5 23. Nb3 Nxb3 24. axb3 Rxa5 $17) 23. Ke2 Rc8 24. Ra1 Rc2 25. a6 {[%emt 0:08:19] Strongly threatening a7.} Rc6 26. f3 Nb4 $1 ({Don't play} 26... Rxa6 27. e4 dxe4 28. fxe4 Nf4+ 29. Bxf4 Bg4+ 30. Ke3 Ra3+ 31. Nb3 exf4+ 32. Kxf4 $11) 27. e4 dxe4 28. Nxe4 {[%emt 0:00:16] Black must now prevent a7.} Nc2 29. Rb1 Rxa6 {[%emt 0:00:19] Hoping for ...Bxe4.} 30. Rb2 Nd4+ 31. Kd2 Bxe4 32. fxe4 {[%emt 0:00:08][%mdl 4096] Endgame KRB-KRN} Ne6 33. Kc3 Rc6+ 34. Kd3 {[%emt 0:03:42] [#]} (34. Kb4 $1 $11) 34... Nc5+ $1 $17 35. Kc4 Na4+ (35... Nxe4+ $2 36. Kd5 Ra6 37. Kxe4 $18) 36. Kd5 {[%emt 0:00:05] And now Rb8+ would win.} Rc8 {[%emt 0:00:10] Prevents Rb8.} 37. Rb4 Nc3+ 38. Ke6 Nxa2 39. Rb2 Nc1 40. Rb7 {[%emt 0:02:38] This move loses the game for White.} (40. Kf5 $17 {keeps fighting.}) 40... Nd3 {[%emt 0:07:40] Threatens to win with ...Nc5+.} 41. Ra7 Nc5+ 42. Kd5 Nb3 43. Rb7 $2 (43. Ra3 Rd8+ 44. Ke6 Nc5+ 45. Kf5) 43... Rd8+ {[%emt 0:00:21] Weighted Error Value: White=0.40/Black=0.07 (flawless)} 0-1

[Event "German Bundesliga 2022-23"]
[Site "Germany"]
[Date "2022.10.23"]
[Round "1.3"]
[White "Koelle, Tobias"]
[Black "Kempinski, Robert"]
[Result "0-1"]
[ECO "D16"]
[WhiteElo "2439"]
[BlackElo "2541"]
[Annotator "ChessBase"]
[PlyCount "80"]
[EventDate "2022.10.21"]
[EventType "team-tourn"]
[EventCountry "GER"]
[SourceTitle "playchess.com"]
[Source "ChessBase"]
[SourceQuality "1"]
[TimeControl "40/6000+30:3000+30"]

1. d4 d5 2. c4 c6 3. Nf3 Nf6 4. Nc3 dxc4 5. a4 e6 6. e3 c5 7. Bxc4 Nc6 8. O-O cxd4 9. exd4 Be7 10. Qe2 O-O 11. Rd1 Nb4 12. Bg5 h6 13. Bh4 Bd7 14. Ne5 Bc6 15. Nxc6 bxc6 16. Rac1 Rb8 17. Bg3 Bd6 18. Be5 Qe7 19. Na2 Nbd5 20. Rc2 Rfd8 21. Ba6 Bxe5 22. dxe5 Nd7 23. g3 Nc5 24. Qc4 Nxa6 25. Qxa6 Ne3 26. Rxd8+ Qxd8 27. Rc1 Rxb2 28. Qxc6 Ng4 29. Qc8 Qxc8 30. Rxc8+ Kh7 31. Nc3 Nxf2 32. Nb5 a6 33. Nd6 Nh3+ 34. Kh1 Kg6 35. Rc7 Ng5 36. Rc3 Re2 37. h4 Ne4 38. Rf3 f5 39. Rb3 Kh5 40. Nxe4 Rxe4 0-1